 Dungeon Crawl Stone Soup version 0.19-a0-36-g4a0968a (webtiles) character file.

396 ololoev the Chopper (level 6, -1/56 HPs)
             Began as a Hill Orc Fighter on May 4, 2016.
             Slain by a gnoll
             ... wielding a +0 spear
              (2 damage)
             ... on level 3 of the Dungeon.
             The game lasted 00:03:52 (3028 turns).

ololoev the Chopper (Hill Orc Fighter)              Turns: 3028, Time: 00:03:53

Health: -1/56      AC: 11    Str: 21    XL:     6   Next: 82%
Magic:  5/5        EV:  9    Int:  8    God:
Gold:   70         SH:  0    Dex:  7    Spells: 0 memorised, 5 levels left

rFire  . . .     SeeInvis .     a - +0 war axe
rCold  . . .     Gourm    .     b - +0 scale mail
rNeg   . . .     Faith    .     (no shield)
rPois  .         Spirit   .     (no helmet)
rElec  .         Dismiss  .     (no cloak)
rCorr  .         Reflect  .     (no gloves)
SustAt .         Harm     .     (no boots)
MR     +....     Clarity  +     (no amulet)
Stlth  ..........               (no ring)
                                (no ring)

@: somewhat resistant to hostile enchantments, extremely unstealthy
A: rough black scales 1, blurry vision 1, clarity, clumsy 1, low mp 1, magic
resistance 1
a: no special abilities


Innate Abilities, Weirdness & Mutations

You are partially covered in rough black scales (AC +4, Dex -1).
Scrolls take you a little longer to read.
You possess an exceptional clarity of mind.
You are clumsy. (Dex -2)
Your magical capacity is low (-10% MP).
You are resistant to hostile enchantments.

Inventory:

Hand Weapons
 a - a +0 war axe (weapon)
Armour
 b - a +0 scale mail (worn)
Scrolls
 c - 2 scrolls of identify {unknown}
 e - a scroll of enchant armour {unknown}
 j - 2 scrolls of remove curse {unknown}
 m - a scroll of immolation {unknown}
Potions
 g - a potion of curing
 i - a potion of agility {unknown}
 l - 2 potions of lignification {unknown}
 n - 2 potions of cure mutation {unknown}
Comestibles
 d - 2 chunks of flesh
 f - 3 bread rations


   Skills:
 + Level 5.4 Fighting
 * Level 7.0 Axes
 + Level 4.7 Armour
   Level 3.2 Shields


You had 5 spell levels left.
You didn't know any spells.


You were on level 3 of the Dungeon.
You were not hungry.

You visited 1 branch of the dungeon, and saw 4 of its levels.

You collected 70 gold pieces.

#.......# ##..# #.. #.......#
#..# ##. #.......#
##.###########.
#....(..########.##........#.
#..............>.............
#........#######..#..........
#........### ##............
#.........g######............
#.......##gg@...#.#........#.
###############............#.
####### ##.....[.....##
#.....# ###..).###.###
#...>.# ##......# #.#
#.....#####..###..# #.# ##
#........(.)## #..###.###.
#.....######)# #.<#.....#.
#.....# #.# #.##.....##

Notes
Turn   | Place    | Note
--------------------------------------------------------------
     0 | D:1      | ololoev the Hill Orc Fighter began the quest for the Orb.
     0 | D:1      | Reached XP level 1. HP: 19/19 MP: 1/1
    68 | D:1      | Reached skill level 3 in Axes
    84 | D:1      | Reached XP level 2. HP: 7/27 MP: 2/2
   523 | D:1      | Reached XP level 3. HP: 23/33 MP: 3/3
  1171 | D:2      | Reached skill level 4 in Axes
  1472 | D:2      | Reached XP level 4. HP: 40/40 MP: 4/4
  2026 | D:3      | Reached skill level 5 in Axes
  2062 | D:3      | Wingboner: Кревед.
  2074 | D:3      | Found a basalt altar of Yredelemnul.
  2190 | D:3      | ololoev: yo
  2203 | D:3      | Wingboner: Сдавайся.
  2208 | D:3      | Wingboner: Присту.
  2208 | D:3      | Reached XP level 5. HP: 18/47 MP: 5/5
  2882 | D:4      | Noticed a hungry ghost
  2903 | D:4      | Killed a hungry ghost
  2903 | D:4      | Reached skill level 5 in Fighting
  2903 | D:4      | Reached skill level 6 in Axes
  2903 | D:4      | Reached XP level 6. HP: 52/56 MP: 6/6
  2910 | D:4      | Found a stormy altar of Qazlal.
  2997 | D:4      | Noticed Duvessa
  2998 | D:4      | Noticed Dowan
  3005 | D:3      | Gained mutation: You are resistant to hostile enchantments. [potion of mutation]
  3005 | D:3      | Gained mutation: You are partially covered in rough black scales (AC +4, Dex -1). [potion of mutation]
  3005 | D:3      | Gained mutation: Your magical capacity is low (-10% MP). [potion of mutation]
  3006 | D:3      | Gained mutation: Scrolls take you a little longer to read. [potion of mutation]
  3006 | D:3      | Gained mutation: You are clumsy. (Dex -2) [potion of mutation]
  3006 | D:3      | Gained mutation: You possess an exceptional clarity of mind. [potion of mutation]
  3017 | D:3      | Reached skill level 7 in Axes
  3026 | D:3      | HP: 1/56 [gnoll/spear (6)]
  3028 | D:3      | Slain by a gnoll

Dungeon Overview and Level Annotations

Branches:
Dungeon (4/15)
 Temple: D:4-7

Altars:
Qazlal
Yredelemnul

Annotations:
D:4 Dowan, Duvessa


Message History

You are too injured to fight recklessly!
You are too injured to fight recklessly!
You are too injured to fight recklessly!
You are too injured to fight recklessly!
You are too injured to fight recklessly!
You are too injured to fight recklessly!
You barely miss the gnoll shaman.
The gnoll shaman hits you but does no damage.
You closely miss the gnoll shaman. The gnoll shaman closely misses you.
You hit the gnoll shaman.
The gnoll shaman is moderately wounded.
The gnoll shaman barely misses you.
You slash the gnoll shaman!
The gnoll shaman is heavily wounded.
The gnoll shaman barely misses you.
You hit the gnoll shaman but do no damage.
The gnoll shaman is heavily wounded.
The gnoll shaman closely misses you. The gnoll hits you but does no damage.
The gnoll shaman hits you with a whip.
You barely miss the gnoll shaman.
The gnoll shaman is heavily wounded.
The gnoll hits you but does no damage.
The gnoll shaman hits you but does no damage.
You hit the gnoll shaman but do no damage.
The gnoll shaman is heavily wounded.
The gnoll hits you but does no damage.
The gnoll shaman hits you but does no damage.
The gnoll hits you but does no damage.
You barely miss the gnoll shaman.
The gnoll shaman is heavily wounded.
The gnoll shaman barely misses you. The gnoll barely misses you.
You closely miss the gnoll shaman.
The gnoll shaman is heavily wounded.
The gnoll shaman closely misses you. The gnoll hits you but does no damage.
You hit the gnoll shaman but do no damage.
The gnoll shaman is heavily wounded.
The gnoll shaman barely misses you. The gnoll barely misses you.
You slash the gnoll shaman!
You kill the gnoll shaman!
Your Axes skill increases to level 7!
The gnoll hits you from afar with a spear.
The gnoll hits you from afar with a spear.
The gnoll hits you but does no damage.
Things that are here:
a whip; a leather armour You slash the gnoll!
The gnoll is severely wounded.
The gnoll hits you but does no damage. x2
The gnoll hits you from afar with a spear.
You barely miss the gnoll.
The gnoll is severely wounded.
The gnoll hits you but does no damage.
The gnoll hits you from afar with a spear.
The gnoll barely misses you.
You slash the gnoll!
You kill the gnoll!
The gnoll hits you but does no damage.
You hit the gnoll but do no damage. The gnoll hits you with a flail.
The gnoll closely misses you.
You closely miss the gnoll. The gnoll hits you but does no damage.
The gnoll barely misses you.
You hit the gnoll.
The gnoll is moderately wounded.
The gnoll hits you but does no damage. The gnoll barely misses you.
You hit the gnoll.
The gnoll is moderately wounded.
The gnoll hits you but does no damage. The gnoll closely misses you.
You closely miss the gnoll.
The gnoll is moderately wounded.
The gnoll hits you from afar with a spear.
The gnoll hits you with a flail.
The gnoll hits you from afar with a spear.
You closely miss the gnoll.
The gnoll is moderately wounded.
The gnoll barely misses you. x2
You hit the gnoll.
The gnoll is almost dead.
The gnoll hits you but does no damage.
The gnoll hits you from afar with a spear.
You die...

You could see 3 gnolls.

Vanquished Creatures
  A hungry ghost (D:4)
  A gnoll shaman (D:3)
  An orc priest (D:3)
  An orc wizard (D:4)
  A worker ant (D:4)
  2 gnolls
  5 adders
  An adder skeleton (D:4)
  3 worms
  2 dart slugs
  4 giant geckos
  8 orcs
  5 bats
  2 giant cockroaches (D:3)
  2 gnoll zombies (D:3)
  9 goblins
  7 hobgoblins
  2 jackals (D:2)
  A quokka (D:4)
  2 giant newts
  7 kobolds
  4 rats
71 creatures vanquished.

Action                   |  1- 3 |  4- 6 || total
-------------------------+-------+-------++-------
Melee: War axe           |    94 |   191 ||   285
  Use: Potion            |       |     3 ||     3
  Eat: Chunk             |     1 |     5 ||     6
       Meat ration       |       |     1 ||     1
Armor: Scale mail        |    48 |    99 ||   147
Dodge: Dodged            |    52 |    93 ||   145

Vault maps used:
D:1:      co_arrival_square_in_a_square_in_a_square, minmay_box_of_dots
D:3:      lemuel_zombie_altar_yredelemnul
D:4:      grunt_qazlal_clouds, first_bread,
          hangedman_abyss_or_decor_lesser_grid, uniq_duvessa, uniq_blork_the_orc
